 Dungeon Crawl Stone Soup version 0.29.0-15-g675c0067aa (webtiles) character file.

Game seed: 16392177830655864528

1132 zxpr0jk the Carver (level 8, -15/55 HPs)
             Began as a Vampire Gladiator on Sept 11, 2022.
             Was an Initiate of Cheibriados.
             Demolished by Tricky101's ghost (19 damage)
             ... on level 6 of the Dungeon.
             The game lasted 00:17:02 (5227 turns).

zxpr0jk the Carver (Vampire Gladiator)              Turns: 5227, Time: 00:17:03

Health: -15/55     AC:  5    Str: 14    XL:     8   Next: 13%
Magic:  17/17      EV: 15    Int: 12    God:    Cheibriados [......]
Gold:   312        SH:  0    Dex: 18    Spells: 7/7 levels left

rFire   + . .      SeeInvis +   a - +0 long sword
rCold   + . .      Faith    .   k - orb {*channel}
rNeg    . . .      Spirit   .   w - +0 leather armour {rC+}
rPois   .          Reflect  .   m - +0 helmet "Qunam" {Will+}
rElec   .          Harm     .   (no cloak)
rCorr   .          Rampage  .   (no gloves)
Will    +....                   u - +0 pair of boots
Stlth   +.........              (no amulet)
HPRegen 0.38/turn               s - ring of magical power
MPRegen 0.15/turn               (no ring)

@: healing quickly, very slow
A: alive, fangs 3, see invisible, vampiric 2, fire resistance 1, mutation
resistance 1, subdued magic 1
a: Exsanguinate, Renounce Religion


You were on level 6 of the Dungeon.
You worshipped Cheibriados.
Cheibriados was noncommittal.
You visited 2 branches of the dungeon, and saw 7 of its levels.

You collected 417 gold pieces.
You spent 105 gold pieces at shops.

Inventory:

Hand Weapons
 a - a +0 long sword (weapon)
 d - a +0 long sword
Missiles
 e - a javelin (quivered)
Armour
 k - an orb of energy (worn)
 m - the +0 helmet "Qunam" (worn) {Will+}
   (You found it on level 4 of the Dungeon)

   Will:      It increases your willpower.
 u - a +0 pair of boots (worn)
 w - a +0 leather armour of cold resistance (worn)
Jewellery
 s - a ring of magical power (left hand)
Scrolls
 b - a scroll of torment {unknown}
 h - a scroll of poison
 i - 2 scrolls of vulnerability {unknown}
 j - a scroll of enchant weapon {unknown}
 l - 9 scrolls of identify
 o - a scroll of silence
 p - a scroll of summoning {unknown}
 q - 2 scrolls of immolation {unknown}
 r - a scroll of teleportation {unknown}
Potions
 g - 2 potions of berserk rage {unknown}
 n - a potion of might {unknown}


   Skills:
 - Level 1.7 Fighting
 * Level 8.5 Long Blades
 - Level 1.5 Throwing
 + Level 6.8 Dodging


You had 7 spell levels left.
You didn't know any spells.
Your spell library contained the following spells:

 Spells                   Type           Power      Damage    Failure   Level
 Ensorcelled Hibernation  Hex/Ice        0%         N/A       50%         2
 Passwall                 Tmut/Erth      0%         N/A       50%         2
 Static Discharge         Conj/Air       0%         3-3/arc   50%         2
 Gell's Gravitas          Tloc           0%         N/A       73%         3
 Lesser Beckoning         Tloc           0%         N/A       73%         3
 Swiftness                Air            0%         N/A       73%         3
 Teleport Other           Tloc           0%         N/A       73%         3
 Lightning Bolt           Conj/Air       0%         1d11      100%        5
 Maxwell's Capacitive Co  Air            0%         ∞         100%        8


Dungeon Overview and Level Annotations

Branches:
Dungeon (6/15)             Temple (1/1) D:4

Altars:
Ashenzari
Cheibriados
Dithmenos
Fedhas
Gozag
Hepliaklqana
Kikubaaqudgha
Nemelex Xobeh
Okawaru
Qazlal
Ru
Sif Muna
Uskayaw
Vehumet
Wu Jian
Xom
Yredelemnul

Shops:
D:3 [   D:4 (

Annotations:
D:3 3 runed translucent doors, gebbletook2's ghost, amateur VSFi
D:6 Tricky101's ghost, novice FeBe


Innate Abilities, Weirdness & Mutations

Your natural rate of healing is accelerated.
You have razor-sharp teeth.
You have supernaturally acute eyesight. (SInv)
You are afflicted with vampirism and can become a bat while bloodless.
Your flesh is heat resistant. (rF+)
You are somewhat resistant to further mutation.
Your spells are a little easier to cast, but a little less powerful.


Message History

You miss Tricky101's ghost.
Tricky101's ghost is heavily damaged.
Tricky101's ghost sneers, "Only the weak need weapons."
Tricky101's ghost hits you.
You miss Tricky101's ghost. You bite Tricky101's ghost.
Tricky101's ghost is heavily damaged.
Tricky101's ghost closely misses you.
You closely miss Tricky101's ghost.
Tricky101's ghost is heavily damaged.
Tricky101's ghost hits you!
You slash Tricky101's ghost!
Tricky101's ghost is almost destroyed.
Tricky101's ghost hits you!
You barely miss Tricky101's ghost.
Tricky101's ghost is almost destroyed.
Tricky101's ghost hits you but does no damage.
You miss Tricky101's ghost. Your bite misses Tricky101's ghost.
Tricky101's ghost is almost destroyed.
Tricky101's ghost hits you!
* * * LOW HITPOINT WARNING * * *
Unknown command.
You miss Tricky101's ghost.
Tricky101's ghost is almost destroyed.
Tricky101's ghost barely misses you.
You hit Tricky101's ghost but do no damage.
Tricky101's ghost is almost destroyed.
Tricky101's ghost closely misses you.
You closely miss Tricky101's ghost.
Tricky101's ghost is almost destroyed.
Tricky101's ghost misses you.
You feel better. Tricky101's ghost hits you!!
* * * LOW HITPOINT WARNING * * *
Okay, then.
Okay, then.
You aren't carrying any items that you can evoke.
Okay, then.
You closely miss Tricky101's ghost. You bite Tricky101's ghost.
Tricky101's ghost is almost destroyed.
Tricky101's ghost hits you!!
You die...

#.........#####........#
#.#####................#
#######...<##.#....##........#
#.........###.#....#.........#
#.........'...#....#.........#
#^........##.########........#
#.........##.†~~~~$~#.........
####.........#.W########.........
...#...#######..@................
##.#.#.# ####...................
.#...######...........########...
.###......>...........# #...
.###.#####..........._# #...
.....# #.############ #...
##########'##### #... #.........#
#... #.........# ####


You could see Tricky101's ghost.

Vanquished Creatures
  Grinder (D:3)
  A black bear (D:5)
  A phantom (D:4)
  A bullfrog (D:6)
  3 scorpions
  3 hounds
  2 orc priests (D:5)
  An orc wizard (D:4)
  4 iguanas
  Robin (D:3)
  11 adders
  An ufetubus (D:4)
  5 worms
  A dart slug (D:1)
  14 orcs
  6 endoplasms
  4 giant cockroaches
  16 goblins
  6 hobgoblins
  9 jackals
  5 kobolds
  A quokka (D:5)
  7 ball pythons
  A bat (D:3)
  2 frilled lizards
  7 rats
114 creatures vanquished.

Vanquished Creatures (others)
  A plant (D:3)
1 creature vanquished.

Grand Total: 115 creatures vanquished

Notes
Turn   | Place    | Note
-------+----------+-------------------------------------------
     0 | D:1      | zxpr0jk the Vampire Gladiator began the quest for the Orb.
     0 | D:1      | Reached XP level 1. HP: 16/16 MP: 1/1
     1 | D:1      | Found a runed translucent door.
   534 | D:1      | Reached XP level 2. HP: 21/22 MP: 2/2
   663 | D:1      | Gained mutation: You are afflicted with vampirism and can
                  | become a bat while bloodless. [Vampire growth]
   663 | D:1      | Reached XP level 3. HP: 24/27 MP: 3/3
   737 | D:2      | Reached skill level 4 in Long Blades
  1335 | D:2      | Reached XP level 4. HP: 33/33 MP: 4/4
  1566 | D:3      | Found a runed translucent gate.
  1567 | D:3      | Found a runed translucent gate.
  1567 | D:3      | Found a runed translucent gate.
  1567 | D:3      | Noticed gebbletook2's ghost (amateur VSFi)
  1710 | D:3      | Found Sidyomp's Antique Armour Emporium.
  1737 | D:3      | Bought a runed leather armour for 105 gold pieces
  1817 | D:3      | Noticed Robin
  1854 | D:3      | Killed Robin
  1940 | D:3      | Noticed Grinder
  1956 | D:3      | Gained mutation: Armour fits poorly on your strangely
                  | shaped body. [potion of mutation]
  1964 | D:3      | Found an opulent altar of Gozag.
  2014 | D:3      | Killed Grinder
  2015 | D:3      | Reached skill level 6 in Long Blades
  2015 | D:3      | Reached skill level 5 in Dodging
  2015 | D:3      | Reached XP level 5. HP: 5/38 MP: 5/5
  2015 | D:3      | Reached XP level 6. HP: 6/44 MP: 6/6
  2510 | D:3      | Found a shimmering blue altar of Sif Muna.
  2510 | D:3      | Found a broken altar of Ashenzari.
  2999 | D:4      | Found Abuhuab's Antique Weapon Boutique.
  3037 | D:4      | Found a staircase to the Ecumenical Temple.
  3052 | Temple   | Entered the Ecumenical Temple
  3198 | D:4      | Reached XP level 7. HP: 40/49 MP: 7/7
  3489 | D:4      | Identified the +0 helmet "Qunam" {Will+}
  3715 | D:5      | Entered Level 5 of the Dungeon
  3750 | D:5      | Reached skill level 7 in Long Blades
  3943 | D:5      | Lost mutation: Armour fits poorly on your strangely shaped
                  | body. [potion of mutation]
  3943 | D:5      | Gained mutation: You passively map a small area around you.
                  | [potion of mutation]
  3943 | D:5      | Gained mutation: You passively dampen the noise of your
                  | surroundings. [potion of mutation]
  3944 | D:5      | Lost mutation: You passively map a small area around you.
                  | [potion of mutation]
  3944 | D:5      | Lost mutation: You passively dampen the noise of your
                  | surroundings. [potion of mutation]
  3944 | D:5      | Gained mutation: Your flesh is heat resistant. (rF+)
                  | [potion of mutation]
  3944 | D:5      | Gained mutation: Your spells are a little easier to cast,
                  | but a little less powerful. [potion of mutation]
  3944 | D:5      | Gained mutation: You are somewhat resistant to further
                  | mutation. [potion of mutation]
  4367 | D:5      | Reached skill level 8 in Long Blades
  4641 | D:6      | Found a snail-covered altar of Cheibriados.
  4642 | D:6      | Found a runed translucent door.
  4646 | D:6      | Became a worshipper of Cheibriados the Contemplative
  4654 | D:6      | Noticed Tricky101's ghost (novice FeBe)
  4754 | D:6      | Reached XP level 8. HP: 36/55 MP: 8/8
  5143 | D:6      | Found an ancient bone altar of Kikubaaqudgha.
  5143 | D:6      | Found a sacrificial altar of Ru.
  5227 | D:6      | Demolished by Tricky101's ghost

Illustrated notes

Levels and vault maps discovered:
D:1:      dpeg_arrival_caged_fury, layout_basic, dreamdust_princess_bridge
D:2:      layout_loops_ring
D:3:      layout_loops_corners, nicolae_gozag_cash_rules_everything_around_me,
          nicolae_overflow_two_pavilions, serial_shops,
          nicolae_shop_overgrown_old_shop, ebering_ghost_rock_garden,
          uniq_robin, uniq_grinder
D:4:      layout_gridville, temple_green, serial_shops,
          nicolae_shop_overgrown_old_shop
D:5:      layout_gridville, marbit_many_paths, serial_park_tiny_1
D:6:      layout_basic, overflow_temple_1_default,
          gammafunk_temple_overflow_pools, ebering_ghost_sewer_d
Temple:   cyrus_circular_temple

Skill      XL: |  1  2  3  4  5  6  7 |
---------------+----------------------+-----
Long Blades    | 4 6 8 |  8.5
Dodging        | 4 5 6 |  6.8
Fighting       | |  1.7
Throwing       | |  1.5

Action                   |  1- 3 |  4- 6 |  7- 9 || total
-------------------------+-------+-------+-------++-------
Melee: Long sword        |   104 |   151 |   170 ||   425
       Bite              |     6 |    13 |    20 ||    39
Throw: Throwing net      |       |     5 |       ||     5
       Javelin           |       |     1 |     2 ||     3
  Use: Potion            |     1 |     7 |     4 ||    12
       Scroll            |       |     3 |       ||     3
 Stab: Sleeping          |     1 |       |     1 ||     2
       Held in net/web   |       |     2 |       ||     2
Armor: Leather armour    |    28 |    38 |    29 ||    95
       Skin              |       |    18 |       ||    18
Dodge: Dodged            |    64 |   105 |   127 ||   296
